[Event "*** SCC Grand Prix: Titled Tuesday Blitz"]
[Site "Chess.com"]
[Date "2020.07.07"]
[Round "1"]
[White "Onischuk_V"]
[Black "Brave_spirit12"]
[Result "1-0"]
[WhiteElo "2876"]
[BlackElo "2433"]
[TimeControl "180+1"]
[EndTime "10:06:45 PDT"]
[Termination "Onischuk_V won by resignation"]

1. e4 e6 2. d4 d5 3. Bd3 c5 4. exd5 exd5 5. Nf3 Nc6 6. O-O Bd6 7.
Re1+ Nge7 8. dxc5 Bxc5 9. a3 a5 10. Nc3 O-O 11. Bf4 h6 12. Nb5 Bg4 13. h3 Bh5 14. g4 Bg6 15. Bg3 f5 16. Nc7 fxg4 17. hxg4 Qd7 18. Ne6 Bb6 19. Nxf8 Qxg4 20. Nxg6 Qxg3+ 21. Kh1 Bxf2 22. Nxe7+ Nxe7 23. Rxe7 Rf8 24. Nh2 Bc5 25.
Re2 Rf4 26. Rg2 Qh3 27. Bg6 Qe6 28. Qe2 Re4 29. Bxe4 dxe4 30. Qg4 Qe5 31. Rf1 Bd6 32. Qc8+ Kh7 33. Qf5+ 1-0

[Event "*** SCC Grand Prix: Titled Tuesday Blitz"]
[Site "Chess.com"]
[Date "2020.07.07"]
[Round "1"]
[White "Thipsay"]
[Black "VladaSviridova"]
[Result "1-0"]
[WhiteElo "2523"]
[BlackElo "2130"]
[TimeControl "180+1"]
[EndTime "10:06:45 PDT"]
[Termination "Thipsay won by resignation"]

1. e4 e6 2. d4 d5 3. e5 c5 4. c3 Qb6 5. Nf3 Nc6 6. a3 c4 7. Nbd2 Na5 8. g3 Bd7 9. h4 Ne7 10. Bh3 h6 11. O-O O-O-O 12. Nh2 Kb8 13. h5 Qc7 14. f4 f5 15. g4 fxg4 16. Bxg4 Nf5 17. Bxf5 exf5 18. Re1 Re8 19. Ndf1 Be6 20. Be3 Be7 21. Ng3 Ref8 22. Nf3 Qb6 23. Qe2 Nb3 24. Rad1 Qd8 25. Kg2 Qe8 26. Rh1 g6 27.
Nh4 gxh5 28. Qxh5 Qxh5 29. Nxh5 Rhg8+ 30. Kf3 Rg4 31. Ng2 Rfg8 32. Rh2 Bf7 33. Nf6 Bxf6 34. exf6 Rg3+ 35. Kf2 h5 36. Rg1 Na5 37. Rhh1 Nc6 38. Nh4 Rxg1 39. Rxg1 Rxg1 40. Kxg1 Be6 41. Ng6 Nd8 42.
Ne5 Nf7 43. Kh2 Kc7 44. Kg3 Kb6 45. Kh4 Nxe5 46. dxe5+ Kb5 47. Bxa7 Ka4 48. Bc5 Kb3 49. Kxh5 Kxb2 50. Bb4 d4 51. cxd4 c3 52. Kg6 c2 53.
Bd2 Kxa3 54. f7 Bxf7+ 55. Kxf7 b5 56. e6 b4 57. e7 b3 58. e8=Q b2 59. Qa8+ Kb3 60.
Qd5+ Ka3 61. Qc5+ Kb3 62. Qb4+ Ka2 63. Qa4+ Kb1 64. Qb3 c1=Q 65. Bxc1 Kxc1 66. Qc3+ Kb1 67. d5 Ka2 68. Qc2 Ka1 69. Qa4+ 1-0

[Event "*** SCC Grand Prix: Titled Tuesday Blitz"]
[Site "Chess.com"]
[Date "2020.07.07"]
[Round "1"]
[White "Hikaru"]
[Black "Karacsonyi_Gellert"]
[Result "1-0"]
[WhiteElo "3221"]
[BlackElo "2465"]
[TimeControl "180+1"]
[EndTime "10:06:46 PDT"]
[Termination "Hikaru won by resignation"]

1. Nf3 Nf6 2. b3 e6 3. Bb2 d5 4.
e3 Be7 5. d4 O-O 6. Bd3 c5 7.
O-O b6 8. Nbd2 Ba6 9. c4 Nc6 10. Rc1 Rc8 11. Re1 Qd7 12. dxc5 bxc5 13. cxd5 Bxd3 14.
dxc6 Qxc6 15. Ne5 Qa6 16. Nxd3 Qxd3 17. Bxf6 Bxf6 18. Nc4 Rfd8 19. Qxd3 Rxd3 20. Red1 Rxd1+ 21. Rxd1 Rd8 22. Rc1 Kf8 23. Kf1 Ke7 24. Ke2 h5 25.
Nd2 Rc8 26. Ne4 Bb2 27. Rxc5 Rxc5 28. Nxc5 Kd6 29. Nd3 Bc3 30. e4 Bd4 31. f3 g6 32. Kd2 Bg1 33. h3 Bd4 34. b4 f5 35.
a4 fxe4 36. fxe4 a6 37. Kc2 g5 38. g4 hxg4 39. hxg4 Bb6 40. Nb2 Bc7 41. Nc4+ Kc6 42.
Nd2 a5 43. Kb3 axb4 44. Kxb4 Bd6+ 45. Kc4 Bc7 46. Nf3 Bd8 47. Nd4+ Kd6 48. Kb5 Bc7 49.
Nc6 Kd7 50. a5 Kc8 51. a6 Bf4 52. Nd4 e5 53. Kc6 Kb8 54. Ne6 Ka7 55. Kb5 Be3 56. Nd8 Bf4 57. Nc6+ Ka8 58. Kc4 Bg3 59. Kd5 Bf4 60.
Ke6 Bg3 61. Kf6 Bf4 62. Nxe5 Ka7 63. Ng6 Kxa6 64. e5 Kb6 65. e6 Bd6 66. e7 Bxe7+ 67. Kxe7 Kc7 68. Kf6 1-0

[Event "*** SCC Grand Prix: Titled Tuesday Blitz"]
[Site "Chess.com"]
[Date "2020.07.07"]
[Round "1"]
[White "GregShahade"]
[Black "Manukyan_Artak"]
[Result "1-0"]
[WhiteElo "2673"]
[BlackElo "2351"]
[TimeControl "180+1"]
[EndTime "10:06:46 PDT"]
[Termination "GregShahade won on time"]

1. e4 c6 2. Nc3 d5 3. Nf3 Bg4 4.
h3 Bxf3 5. Qxf3 Nf6 6. Be2 d4 7. Nb1 e5 8. Qg3 Nbd7 9. d3 Bb4+ 10. c3 dxc3 11. bxc3 Bc5 12. O-O Qe7 13. Nd2 O-O-O 14.
Nc4 Rhe8 15. Rb1 Nf8 16. Qxg7 Ne6 17. Qg3 Nf4 18. Bxf4 exf4 19. Qxf4 Bd6 20. Qf5+ Kc7 21. Qa5+ Kb8 22. Rb3 Nd7 23. Rfb1 Nc5 24. Nxd6 Nxb3 25. Rxb3 Qxd6 26. Qf5 Qe6 27. Qf4+ Ka8 28. Bf3 f6 29. d4 Qd6 30. Qf5 1-0

[Event "*** SCC Grand Prix: Titled Tuesday Blitz"]
[Site "Chess.com"]
[Date "2020.07.07"]
[Round "1"]
[White "PauloFanha"]
[Black "pastouche06"]
[Result "0-1"]
[WhiteElo "1988"]
[BlackElo "2483"]
[TimeControl "180+1"]
[EndTime "10:06:47 PDT"]
[Termination "pastouche06 won by resignation"]

1. e4 c6 2. Bc4 d5 3. Bb3 dxe4 4. Qh5 e6 5. Nc3 Nf6 6. Qh4 Nbd7 7. Nxe4 Nxe4 8.
Qxe4 Be7 9. Nf3 O-O 10. O-O Nf6 11. Qe2 b6 12. d4 c5 13. Be3 Qc7 14. dxc5 Bxc5 15.
Bxc5 Qxc5 16. c3 Bb7 17. Rad1 Rad8 18. Rxd8 Rxd8 19. Rd1 Rxd1+ 20. Qxd1 g6 21. Bc2 Kg7 22. Qd3 h5 23. h3 Be4 24. Qd2 Bxf3 25. gxf3 Qc4 26.
Bb3 Qh4 27. Kg2 Nh7 28. Qd4+ Qxd4 29. cxd4 Kf6 30. Kg3 Ke7 31. Kf4 g5+ 32. Ke3 Nf6 33.
Ba4 Nd5+ 34. Kd2 Nf4 35. Kc3 Nxh3 36. Kb4 Nxf2 37. Bc6 Kd6 38. Kb5 h4 39. f4 g4 40.
Be8 g3 41. Bxf7 g2 0-1

[Event "*** SCC Grand Prix: Titled Tuesday Blitz"]
[Site "Chess.com"]
[Date "2020.07.07"]
[Round "1"]
[White "SharapovEvgeny"]
[Black "seorobert1971"]
[Result "1-0"]
[WhiteElo "2393"]
[BlackElo "2689"]
[TimeControl "180+1"]
[EndTime "10:06:48 PDT"]
[Termination "SharapovEvgeny won by resignation"]

1. e4 e5 2. Nf3 Nc6 3. Bb5 a6 4. Ba4 Nf6 5. O-O Be7 6. Re1 b5 7. Bb3 O-O 8. a4 b4 9. d3 d6 10. h3 Na5 11. Ba2 c5 12. Nbd2 Be6 13. Bxe6 fxe6 14. b3 Nd7 15. Nc4 Nxc4 16. dxc4 Nb8 17. Be3 Nc6 18. Qd3 a5 19. Rad1 Qc7 20. Nh2 Rad8 21.
Ng4 Bf6 22. Kh1 Qe7 23. f3 Bg5 24. Bf2 Bh4 25. g3 Bf6 26. Kg2 Qf7 27. h4 Be7 28. Rf1 h5 29. Nh2 g5 30. hxg5 Bxg5 31. Bg1 h4 32. gxh4 Bxh4 33. Ng4 Qg6 34. Be3 Rxf3 35.
Kxf3 Rf8+ 36. Ke2 Qxg4+ 37. Kd2 Nd4 38. Bxd4 exd4 39. Kc1 Bg5+ 40. Kb1 Be3 41. Rxf8+ Kxf8 42. Rf1+ Ke7 43. e5 dxe5 44. Qh7+ Kd6 45. Qb7 Bf4 46. Qb8+ Ke7 47. Qc7+ Kf6 48. Qxc5 Qe2 49. Qf8+ Kg5 50. Rg1+ 1-0

[Event "*** SCC Grand Prix: Titled Tuesday Blitz"]
[Site "Chess.com"]
[Date "2020.07.07"]
[Round "1"]
[White "12teen"]
[Black "Tactictic"]
[Result "1-0"]
[WhiteElo "2653"]
[BlackElo "2326"]
[TimeControl "180+1"]
[EndTime "10:06:48 PDT"]
[Termination "12teen won by checkmate"]

1. g3 d5 2. Bg2 Nf6 3. d3 e5 4. Nc3 c6 5. Bd2 Bd6 6. e4 dxe4 7. dxe4 O-O 8. f4 Bg4 9. Nf3 exf4 10. Qe2 fxg3 11.
O-O-O Nbd7 12. hxg3 Ne5 13. Bf4 Qe7 14. Qf2 Bc5 15. Qf1 Nxf3 16. Bxf3 Bxf3 17. Qxf3 Bb4 18. e5 Bxc3 19. Qxc3 Nd5 20. Qd3 g6 21. Rde1 Rfd8 22.
Bh6 Nb4 23. Qc4 b5 24. Qb3 Nd5 25. g4 a5 26. Qh3 f6 27. exf6 Qxf6 28. Be3 Qg7 29. Bd4 Qf7 30. Ref1 Qd7 31. Qh6 Rf8 32. Qxg6+ hxg6 33. Rh8# 1-0

[Event "*** SCC Grand Prix: Titled Tuesday Blitz"]
[Site "Chess.com"]
[Date "2020.07.07"]
[Round "1"]
[White "BilodeauA"]
[Black "MashaFromRussia"]
[Result "1-0"]
[WhiteElo "2834"]
[BlackElo "2431"]
[TimeControl "180+1"]
[EndTime "10:06:49 PDT"]
[Termination "BilodeauA won by resignation"]

1. e4 c5 2. Nf3 Nc6 3. Bb5 d6 4. O-O Bd7 5. c3 Nf6 6. Re1 a6 7. Bf1 Bg4 8. d3 e6 9. Nbd2 Be7 10. h3 Bh5 11. Be2 O-O 12. Nf1 d5 13. e5 Nd7 14.
Bf4 d4 15. Ng3 Bg6 16. c4 b5 17. b3 h6 18. Bf1 Rb8 19. Qd2 bxc4 20. bxc4 Qa5 21. Qe2 Qa3 22. Bc1 Qa4 23. h4 Nb4 24.
Ne4 Nc2 25. Qd1 Bh5 26. Re2 Bxf3 27. gxf3 Nxe5 28. Rxc2 Bxh4 29. Bf4 Nxf3+ 30. Qxf3 Qxc2 31. Bxb8 Rxb8 32. Qf4 Qb2 33. Re1 Be7 34. Bg2 h5 35.
Kh1 Qb4 36. Rg1 Rf8 37. Bf3 h4 38. Nf6+ Bxf6 39. Qxf6 g6 40. Be4 Qd2 41. Rxg6+ 1-0

[Event "*** SCC Grand Prix: Titled Tuesday Blitz"]
[Site "Chess.com"]
[Date "2020.07.07"]
[Round "1"]
[White "Chesswizard_2007"]
[Black "Andreikka"]
[Result "0-1"]
[WhiteElo "2449"]
[BlackElo "2919"]
[TimeControl "180+1"]
[EndTime "10:06:50 PDT"]
[Termination "Andreikka won by resignation"]

1. d4 Nf6 2. c4 e6 3. Nf3 d5 4. g3 Bb4+ 5. Bd2 Be7 6. Bg2 O-O 7.
O-O Nbd7 8. Bc3 Ne4 9. Nfd2 Nxc3 10. Nxc3 c6 11. e4 e5 12. exd5 exd4 13. Ne2 c5 14. Nc1 Ne5 15. Re1 Bd6 16. Ne4 Nxc4 17. Nd3 b6 18. b3 Na3 19. Qh5 h6 20. Rac1 Nb5 21. f4 Nc3 22. Ne5 Nxe4 23. Bxe4 Qf6 24. Nc6 Bd7 25.
Qf3 Rfe8 26. Bd3 g6 27. Bb5 Kg7 28. Kg2 a6 29. Bd3 b5 30. Be4 h5 31. h3 h4 32. Ne5 Bc8 33. Ng4 Bxg4 34. hxg4 hxg3 35. Kxg3 Rh8 36. Rh1 g5 37. Kg2 Qxf4 38. Qxf4 gxf4 39.
Rxh8 Rxh8 40. Rh1 Rxh1 41. Kxh1 c4 42. bxc4 bxc4 43. Kg2 Kf6 44. Kf3 Ke5 45. Bh7 d3 46.
Kf2 Kd4 47. Ke1 c3 0-1

[Event "*** SCC Grand Prix: Titled Tuesday Blitz"]
[Site "Chess.com"]
[Date "2020.07.07"]
[Round "1"]
[White "Sychev_Klementy"]
[Black "Future2700"]
[Result "1-0"]
[WhiteElo "2811"]
[BlackElo "2422"]
[TimeControl "180+1"]
[EndTime "10:06:50 PDT"]
[Termination "Sychev_Klementy won on time"]

1. e4 c5 2. Nf3 e6 3. d4 cxd4 4.
Nxd4 Nc6 5. Nc3 Qc7 6. g3 a6 7. Bg2 Nf6 8. O-O Nxd4 9. Qxd4 Bc5 10. Bf4 d6 11. Qd2 h6 12. Rad1 e5 13. Be3 Be6 14. Bxc5 dxc5 15. Nd5 Bxd5 16. exd5 Qd6 17. c4 O-O 18. a4 b6 19. Rfe1 Rfe8 20. Re2 Re7 21. Rde1 Rae8 22. a5 e4 23. Qc2 b5 24. Bxe4 Qc7 25.
cxb5 axb5 26. a6 c4 27. Bf3 Rxe2 28. Rxe2 Rxe2 29. Qxe2 Kf8 30. Qe3 Qb8 31. a7 Qa8 32. d6 Nd5 33. Qc5 1-0

[Event "*** SCC Grand Prix: Titled Tuesday Blitz"]
[Site "Chess.com"]
[Date "2020.07.07"]
[Round "1"]
[White "FlamingPhoenix123"]
[Black "Mazetovic"]
[Result "0-1"]
[WhiteElo "2398"]
[BlackElo "2741"]
[TimeControl "180+1"]
[EndTime "10:06:50 PDT"]
[Termination "Mazetovic won by resignation"]

1. e4 c5 2. Nf3 Nc6 3. d4 cxd4 4.
Nxd4 g6 5. c4 Bg7 6. Be3 Nf6 7.
Nc3 O-O 8. Be2 d6 9. O-O Bd7 10.
Qd2 Nxd4 11. Bxd4 a5 12. b3 Bc6 13. f3 Nd7 14. Bf2 Nc5 15. Rab1 Be5 16. Rfd1 e6 17.
Bf1 Qf6 18. Bd4 Rfd8 19. a3 Bxd4+ 20. Qxd4 Qxd4+ 21. Rxd4 e5 22. Rd2 Ne6 23. Ne2 Kf8 24.
b4 axb4 25. axb4 Ra3 26. Rc1 f6 27. c5 dxc5 28. Rxd8+ Nxd8 29. Rxc5 Rb3 30. Nc3 Rxb4 31. Nd5 Bxd5 32. Rxd5 Rd4 33. Rxd4 exd4 34. Bc4 Ke7 35. Kf2 Kd6 36. Ke2 Kc5 37. Bd5 b5 38. Kd3 f5 39. h4 fxe4+ 40. fxe4 Nc6 41. Bxc6 Kxc6 42. Kxd4 Kd6 43. g3 b4 44. Kc4 Ke5 45. Kxb4 Kxe4 46.
Kc5 Kf3 47. Kd6 Kxg3 0-1

[Event "*** SCC Grand Prix: Titled Tuesday Blitz"]
[Site "Chess.com"]
[Date "2020.07.07"]
[Round "1"]
[White "AleksanderHnydiuk"]
[Black "GMJustin"]
[Result "1-0"]
[WhiteElo "2597"]
[BlackElo "2266"]
[TimeControl "180+1"]
[EndTime "10:06:50 PDT"]
[Termination "AleksanderHnydiuk won on time"]

1. d4 Nf6 2. c4 e6 3. g3 c5 4. Nf3 cxd4 5. Nxd4 d5 6. Bg2 e5 7.
Nf3 d4 8. O-O Nc6 9. e3 Be7 10.
exd4 exd4 11. Bf4 O-O 12. Ne5 Nxe5 13. Bxe5 Bc5 14. Nd2 Ng4 15. Nb3 Nxe5 16. Nxc5 Nxc4 17. Rc1 Ne5 18. Re1 Nc6 19. Qa4 Qb6 20. Bxc6 Qxc6 21. Qxc6 bxc6 22. Red1 Rd8 23. Rc4 d3 24. Rc3 Bf5 25. f3 Rd5 26. Kf2 Rb8 27. Rd2 h5 28. b3 Re8 29. Na4 Re6 30. Nb2 Red6 31. Nc4 Re6 32.
Ne3 Rde5 33. Nxf5 Rxf5 34. Rcxd3 Rfe5 35. Rd8+ 1-0

[Event "*** SCC Grand Prix: Titled Tuesday Blitz"]
[Site "Chess.com"]
[Date "2020.07.07"]
[Round "1"]
[White "vinniethepooh"]
[Black "CzechmVIII"]
[Result "1-0"]
[WhiteElo "2547"]
[BlackElo "2198"]
[TimeControl "180+1"]
[EndTime "10:06:50 PDT"]
[Termination "vinniethepooh won by checkmate"]

1. d4 Nf6 2. c4 c5 3. d5 e6 4.
Nc3 exd5 5. cxd5 d6 6. e4 g6 7.
Be2 Bg7 8. Be3 O-O 9. Nf3 Re8 10. Nd2 Na6 11. O-O Nc7 12. a4 b6 13. Qc2 Rb8 14. Rad1 Qe7 15. Rfe1 Ba6 16. Bxa6 Nxa6 17. h3 Nb4 18.
Qb1 Nd7 19. f4 a6 20. Bf2 b5 21. axb5 axb5 22. Nf3 Qf6 23. Qc1 c4 24. Bh4 g5 25. Bxg5 Qg6 26. f5 Qh5 27. Ne2 f6 28.
Nf4 Qf7 29. Bh4 Ne5 30. Nxe5 Rxe5 31. Qc3 Na6 32. Ne6 Qh5 33. Qg3 Rxe6 34. dxe6 Nc5 35.
Bxf6 Rb7 36. Rxd6 Qh6 37. Rd8# 1-0

[Event "*** SCC Grand Prix: Titled Tuesday Blitz"]
[Site "Chess.com"]
[Date "2020.07.07"]
[Round "1"]
[White "profofchess"]
[Black "Eltaj_Safarli"]
[Result "1/2-1/2"]
[WhiteElo "2459"]
[BlackElo "2919"]
[TimeControl "180+1"]
[EndTime "10:06:51 PDT"]
[Termination "Game drawn by repetition"]

1. e4 e5 2. Nf3 Nc6 3. Nc3 Nf6 4. Bb5 Bb4 5. O-O O-O 6. d3 d6 7. Ne2 Ne7 8. Ng3 c6 9. Ba4 Ng6 10. c3 Ba5 11. d4 Bb6 12. h3 Re8 13. Re1 h6 14.
Be3 Qc7 15. Qd2 exd4 16. Bxd4 Ne5 17. Nh4 c5 18. Bxe5 dxe5 19. Bxe8 Nxe8 20. Nhf5 Be6 21. Nh5 f6 22. Qe3 c4 23. Qg3 Kh7 24. Nfxg7 Qf7 25. Nxe8 Rxe8 26. Qh4 Rf8 27. Rad1 Bc5 28. Kh1 Qg6 29.
g4 Be7 30. Re2 Qf7 31. Qg3 b5 32. Qf3 a5 33. Ng3 Rb8 34. Nf5 Bf8 35. Nd6 Qg6 36.
Red2 b4 37. Nf5 bxc3 38. bxc3 Qe8 39. Ne3 Bg7 40. Nd5 Qg6 41. Ne7 Qf7 42. Nf5 Bf8 43.
Nd6 Qg6 44. Nf5 Qe8 45. Nd6 Qg6 46. Nf5 1/2-1/2

[Event "*** SCC Grand Prix: Titled Tuesday Blitz"]
[Site "Chess.com"]
[Date "2020.07.07"]
[Round "1"]
[White "Diego_FloresQ"]
[Black "Klavdia_Nik"]
[Result "1-0"]
[WhiteElo "2502"]
[BlackElo "2079"]
[TimeControl "180+1"]
[EndTime "10:06:51 PDT"]
[Termination "Diego_FloresQ won on time"]

1. e4 e5 2. Nf3 Nc6 3. c3 d5 4.
Qa4 dxe4 5. Nxe5 Qd6 6. Nxc6 bxc6 7. Qxe4+ Qe6 8. Qxe6+ Bxe6 9. d4 O-O-O 10. Ba6+ Kb8 11. O-O c5 12. Be3 cxd4 13. Bxd4 Ne7 14. Nd2 Nd5 15. Nb3 Nb6 16. Rfe1 Bd5 17. Rad1 f6 18. Na5 c5 19. Be3 Kc7 20. Bf4+ Bd6 21. Re7+ Rd7 22. Bxd6+ Kxd6 23. Rxd7+ Kxd7 24. c4 Re8 25. cxd5 Kd6 26. Nc4+ 1-0

[Event "*** SCC Grand Prix: Titled Tuesday Blitz"]
[Site "Chess.com"]
[Date "2020.07.07"]
[Round "1"]
[White "Jospem"]
[Black "Stormeman100100"]
[Result "1-0"]
[WhiteElo "2906"]
[BlackElo "2447"]
[TimeControl "180+1"]
[EndTime "10:06:52 PDT"]
[Termination "Jospem won by resignation"]

1. e4 e5 2. Nf3 Nc6 3. Bb5 a6 4. Ba4 Nf6 5. O-O Be7 6. Re1 b5 7. Bb3 O-O 8. a4 Bb7 9. d3 Bc5 10. Nbd2 d6 11. h3 h6 12. Nf1 Qd7 13. Be3 Bxe3 14. Nxe3 Nd4 15. Nxd4 exd4 16. Nf5 c5 17. Qf3 c4 18. dxc4 Rae8 19. Qg3 Nh5 20. Qg4 Re6 21.
Qxh5 g6 22. Nxh6+ Kg7 23. Qg5 f6 24. Qf4 Re5 25. Ng4 Rg5 26. Nxf6 Rxg2+ 27. Kxg2 Rxf6 28.
Qg4 Qf7 29. cxb5 Qf8 30. f3 Bc8 31. Qg3 axb5 32. axb5 Qe8 33. Ra7+ Kf8 34. Qh4 1-0

[Event "*** SCC Grand Prix: Titled Tuesday Blitz"]
[Site "Chess.com"]
[Date "2020.07.07"]
[Round "1"]
[White "wild_cat99"]
[Black "Julianos82"]
[Result "1-0"]
[WhiteElo "2602"]
[BlackElo "2268"]
[TimeControl "180+1"]
[EndTime "10:06:53 PDT"]
[Termination "wild_cat99 won by resignation"]

1. Nf3 d5 2. e3 c6 3. c4 Nf6 4. Nc3 e6 5. b3 Nbd7 6. Bb2 Bd6 7. d4 O-O 8. Bd3 b6 9. Qc2 Bb7 10. O-O c5 11. cxd5 exd5 12. dxc5 bxc5 13. Rfd1 Rc8 14.
Nb5 Bb8 15. Bf5 Rc6 16. Bxf6 Nxf6 17. a4 Qe7 18. Nc3 Rd8 19. Rac1 g6 20. Bd3 d4 21. Be4 dxc3 22. Bxc6 Bxc6 23. Rxd8+ Qxd8 24. Qxc3 Bxf3 25. gxf3 Qd6 26. Qxc5 Qxh2+ 27. Kf1 Bd6 28. Qc8+ Kg7 29.
Qc3 Be5 30. Qc6 h5 31. Ke2 h4 32. f4 Bxf4 33. Rh1 Ng4 34. Rxh2 Bxh2 35. Qg2 f5 36. f3 h3 37. Qxh3 1-0

[Event "*** SCC Grand Prix: Titled Tuesday Blitz"]
[Site "Chess.com"]
[Date "2020.07.07"]
[Round "1"]
[White "AlexSuv"]
[Black "politeplayer"]
[Result "1-0"]
[WhiteElo "2571"]
[BlackElo "2222"]
[TimeControl "180+1"]
[EndTime "10:06:53 PDT"]
[Termination "AlexSuv won on time"]

1. d4 Nf6 2. Nf3 c5 3. d5 e6 4. c4 exd5 5. cxd5 d6 6. Nc3 g6 7. e4 a6 8. a4 Bg4 9. Qb3 Bxf3 10.
Qxb7 Bxg2 11. Bxg2 Nbd7 12. Bf4 Rb8 13. Qxa6 Rxb2 14.
Nb5 Be7 15. Bxd6 O-O 16. O-O Bxd6 17. Qxd6 Nh5 18. Ra3 Re8 19. Re3 Ne5 20. Qxc5 Qh4 21. Rh3 Qg5 22. Kh1 Nf4 23. Rg3 Qh4 24. Qc3 Re2 25.
Nd6 Rf8 26. Qxe5 Nxg2 27. Kxg2 1-0

[Event "*** SCC Grand Prix: Titled Tuesday Blitz"]
[Site "Chess.com"]
[Date "2020.07.07"]
[Round "1"]
[White "Kotofeyca"]
[Black "tapu2"]
[Result "0-1"]
[WhiteElo "2356"]
[BlackElo "2678"]
[TimeControl "180+1"]
[EndTime "10:06:55 PDT"]
[Termination "tapu2 won by resignation"]

1. d4 Nf6 2. c4 g6 3. f3 Bg7 4. e4 d6 5. Nc3 O-O 6. Be3 c5 7. dxc5 dxc5 8. Qxd8 Rxd8 9. Bxc5 Nc6 10. Nd5 Nd7 11. Nxe7+ Nxe7 12. Bxe7 Bxb2 13. Bxd8 Bxa1 14.
Ne2 Ne5 15. Nf4 Bc3+ 16. Kd1 Bd7 17. Bc7 Rc8 18. Nd5 Kg7 19. Kc2 Bd4 20. Be2 Bc6 21. Rd1 Ba4+ 22. Kc1 Bxd1 23. Kxd1 Nc6 24. Kd2 Be5 25.
Bxe5+ Nxe5 26. Kc3 b5 27. Ne3 Kf6 28. f4 Nxc4 29. Nxc4 bxc4 30. Bxc4 g5 31. g3 gxf4 32. gxf4 Rg8 33. e5+ Ke7 34. f5 Rg2 35. h4 Rh2 36.
Kd4 Rxh4+ 37. Kd5 h5 38. f6+ Kf8 39. Bd3 Rh2 40. Bf5 Rxa2 41. e6 fxe6+ 42. Kxe6 Ra6+ 43. Ke5 Ra5+ 44. Ke6 Rxf5 45. Kxf5 a5 46. Kg5 a4 47. Kxh5 a3 0-1

[Event "*** SCC Grand Prix: Titled Tuesday Blitz"]
[Site "Chess.com"]
[Date "2020.07.07"]
[Round "1"]
[White "davigator"]
[Black "DortmundCity"]
[Result "1-0"]
[WhiteElo "2294"]
[BlackElo "2591"]
[TimeControl "180+1"]
[EndTime "10:06:55 PDT"]
[Termination "davigator won on time"]

1. e4 c5 2. Nf3 Nc6 3. d4 cxd4 4. Nxd4 Nf6 5. Nc3 d6 6. Bg5 Bd7 7. f3 h6 8. Be3 a6 9. Qd2 e6 10. O-O-O b5 11. g4 Rc8 12. h4 Nxd4 13. Bxd4 Be7 14.
Kb1 b4 15. Ne2 Qa5 16. Nc1 e5 17. Be3 Be6 18. Nb3 Qa4 19. Bd3 Nd7 20. g5 h5 21.
Qe2 Nc5 22. Bxc5 dxc5 23. Bc4 Bxc4 24. Qxc4 Qb5 25. Nd2 O-O 26. b3 Rfd8 27. Rhe1 Rd4 28. Qxb5 axb5 29. Nf1 Rcd8 30. Kc1 f6 31. g6 f5 32.
exf5 Bxh4 33. Rxd4 exd4 34. Re5 c4 35. Kd2 d3 36. cxd3 Rxd3+ 37. Ke2 Kf8 38. Rxb5 Rc3 39.
Rxb4 Rc2+ 40. Kd1 Rxa2 41. Rxc4 Bf6 42. Nd2 h4 43. Rc1 h3 44. Ke2 Bg5 45. Rc8+ Ke7 46. Rc7+ Kf6 47. Rf7+ Ke5 48. Rxg7 Rxd2+ 49. Ke1 h2 50.
Rh7 Rg2 51. g7 Bd2+ 52. Kf1 1-0

[Event "*** SCC Grand Prix: Titled Tuesday Blitz"]
[Site "Chess.com"]
[Date "2020.07.07"]
[Round "1"]
[White "Herracek"]
[Black "VladimirBugayev"]
[Result "1-0"]
[WhiteElo "2591"]
[BlackElo "2253"]
[TimeControl "180+1"]
[EndTime "10:06:55 PDT"]
[Termination "Herracek won by resignation"]

1. c4 c6 2. Nc3 d5 3. cxd5 cxd5 4. d4 Nc6 5. e4 dxe4 6. d5 Ne5 7. Qa4+ Nd7 8.
Nxe4 g6 9. Bg5 Bg7 10. Nd6+ Kf8 11. Nxc8 Qxc8 12. Rc1 Qd8 13. Bb5 Nb6 14. Qb3 Qxd5 15. Qxd5 Nxd5 16. b3 Bf6 17. Bd2 e6 18. Nf3 Nge7 19.
g4 a6 20. Bc4 h6 21. h4 Kg7 22. Ke2 b5 23. Bd3 Rac8 24. g5 hxg5 25. hxg5 Bb2 26. Rxh8 Kxh8 27. Rh1+ Kg8 28. a4 bxa4 29. bxa4 Rc6 30.
Rb1 Nc3+ 31. Bxc3 Bxc3 32. Rb7 Nd5 33. Be4 a5 34. Bxd5 exd5 35. Rd7 Rc4 36. Kd3 d4 37. Kxc4 Kg7 38. Ne5 1-0

[Event "*** SCC Grand Prix: Titled Tuesday Blitz"]
[Site "Chess.com"]
[Date "2020.07.07"]
[Round "1"]
[White "Zarinur"]
[Black "regular_legs"]
[Result "0-1"]
[WhiteElo "2147"]
[BlackElo "2529"]
[TimeControl "180+1"]
[EndTime "10:06:55 PDT"]
[Termination "regular_legs won by checkmate"]

1. e4 c5 2. Nf3 e6 3. g3 Nc6 4.
Bg2 Nf6 5. Qe2 Be7 6. O-O O-O 7. Rd1 e5 8. c3 Re8 9. d4 cxd4 10. cxd4 d5 11.
Nxe5 dxe4 12. Nxc6 bxc6 13. Nc3 Bg4 14. f3 exf3 15.
Bxf3 Bb4 16. Qf2 Bxc3 17. bxc3 Ne4 18. Bxe4 Bxd1 19. Bxc6 Re2 20. Qf1 Qe7 21. Bg5 Qxg5 22. Rxd1 Qe3+ 23. Kh1 Rc8 24. Bg2 Rxc3 25. Rb1 g6 26.
Bd5 Rf2 27. Qd1 Rcc2 28. Rb8+ Kg7 29. Rb7 Rxh2# 0-1

[Event "*** SCC Grand Prix: Titled Tuesday Blitz"]
[Site "Chess.com"]
[Date "2020.07.07"]
[Round "1"]
[White "GiorgianBarbosa"]
[Black "tigra"]
[Result "1-0"]
[WhiteElo "2432"]
[BlackElo "2783"]
[TimeControl "180+1"]
[EndTime "10:06:56 PDT"]
[Termination "GiorgianBarbosa won by resignation"]

1. c4 e5 2. g3 Nf6 3. Bg2 d5 4.
cxd5 Nxd5 5. Nf3 Nc6 6. O-O Nb6 7. b3 Be7 8. Bb2 f6 9. d3 O-O 10. Nbd2 Be6 11. Nc4 Qd7 12. Rc1 Rfd8 13. Nfd2 Nd5 14. Ne4 b6 15. Nc3 Nd4 16. e3 Nxc3 17. Bxc3 Nc6 18. d4 exd4 19. Bxd4 Bd5 20. Bb2 Bxg2 21. Kxg2 Qxd1 22. Rfxd1 Rxd1 23. Rxd1 Rd8 24. Rxd8+ Nxd8 25.
e4 Kf7 26. f4 Nb7 27. e5 f5 28. Kf3 Ke6 29. h3 g6 30. g4 a5 31. Bd4 Bb4 32.
gxf5+ gxf5 33. Ne3 Bd2 34. Nc2 Nd8 35. Be3 Bb4 36.
Nd4+ Kd5 37. Nxf5 Ne6 38. Ng3 Ng7 39. Ne4 Be7 40. Nc3+ Ke6 41. Ke4 Nf5 42. Bf2 Ng7 43. Nd5 Bd8 44. Ne3 Kd7 45. f5 c6 46. e6+ Ke8 47.
Ke5 Bc7+ 48. Ke4 Nh5 49. Ng4 Nf4 50. Nf6+ Ke7 51. Nxh7 Nxh3 52. Bh4+ Ke8 53. f6 1-0

[Event "*** SCC Grand Prix: Titled Tuesday Blitz"]
[Site "Chess.com"]
[Date "2020.07.07"]
[Round "1"]
[White "ChelsieMonica"]
[Black "Matibar"]
[Result "0-1"]
[WhiteElo "2395"]
[BlackElo "2733"]
[TimeControl "180+1"]
[EndTime "10:06:56 PDT"]
[Termination "Matibar won by resignation"]

1. c4 e5 2. Nc3 Nf6 3. g3 Bc5 4.
Bg2 O-O 5. e3 Re8 6. Nge2 Nc6 7.
O-O d6 8. h3 h6 9. d4 Bb6 10.
d5 Nb8 11. e4 a5 12. Kh2 Nbd7 13. Be3 Bxe3 14. fxe3 Nh7 15. g4 Rf8 16. Ng3 g6 17. Qe2 Nc5 18. Rf2 Kg7 19. Raf1 Bd7 20. Rf3 Qh4 21. Qf2 Qe7 22. h4 Qxh4+ 23. Bh3 Qe7 24. Qg2 Ng5 25. R3f2 Rh8 26. a3 a4 27. Nb5 Rac8 28.
Nc3 Rcf8 29. Rf6 Qxf6 30. Rxf6 Kxf6 31. Qf1+ Kg7 32. Kg2 h5 33. Kg1 Nxh3+ 34. Qxh3 hxg4 35. Qg2 Rh3 36. Nce2 Rfh8 37. Qf1 b6 38. Qb1 f6 39.
Qc2 Rh2 40. Nf1 Rh1+ 41. Kf2 R1h3 42. Neg3 Rh2+ 0-1

[Event "*** SCC Grand Prix: Titled Tuesday Blitz"]
[Site "Chess.com"]
[Date "2020.07.07"]
[Round "1"]
[White "ammarzooqi"]
[Black "viktorskliarov"]
[Result "0-1"]
[WhiteElo "2165"]
[BlackElo "2532"]
[TimeControl "180+1"]
[EndTime "10:06:56 PDT"]
[Termination "viktorskliarov won by checkmate"]

1. e4 c5 2. Nc3 Nc6 3. f4 g6 4. Nf3 Bg7 5. g3 e6 6. d3 Nge7 7. Bg2 O-O 8. O-O d5 9. Qe1 Nd4 10.
Qf2 b6 11. e5 Nxf3+ 12. Bxf3 Bb7 13. Bd2 Nf5 14. Rae1 Nd4 15. Bd1 b5 16. Be3 Nxc2 17. Bxc2 d4 18. Nxb5 Qd5 19. Qf3 Qxf3 20. Rxf3 Bxf3 21.
Bc1 a6 22. Nd6 Rfd8 23. b3 Bf8 24. Nc4 a5 25. a4 Rdb8 26. Ba3 Ra6 27. Kf2 Bd5 28.
Nd2 Rab6 29. Rb1 Be7 30. h3 Kf8 31. g4 h5 32. Kg3 hxg4 33. hxg4 Ke8 34. Rh1 Bxh1 35. f5 gxf5 36. gxf5 Kd7 37. Kf4 Rg8 38. Nc4 Rb4 39. Nxa5 Bd5 40. Bxb4 cxb4 41. f6 Bf8 42. Bd1 Bh6# 0-1